Workbook

Sheet IP
B1: Contratar el servicio de mantenimiento preventivo y correctivo para los equipos UAS con los que cuenta la Unidad Administrativa Especial de Gestión de Restitución de Tierras, con el fin de garantizar su correcto funcionamiento.
A3: IDENTIFICACIÓN Y CLASIFICACIÓN DEL RIESGO | N3: TRATAMIENTO DEL RIESGO
A5: N° | B5: Clase | C5: Fuente | D5: Etapa | E5: Tipo | F5: Descripción (Qué puede pasar y, cómo puede ocurrir) | G5: Consecuencia de la ocurrencia del evento | H5: Probabilidad | I5: Impacto | J5: Valoración del riesgo | K5: Categoría | L5: ¿A quién se le asigna? | M5: % Asignación | N5: N° | O5: Tratamiento/ Controles a ser implementados | P5: Impacto después del tratamiento | T5: ¿Afecta la ejecución del contrato? | U5: Responsable por implementar el tratamiento | V5: Fecha estimada en que se inicia el tratamiento | W5: Fecha estimada en que se completa el tratamiento | X5: Monitoreo y revisión
P6: Probabilidad | Q6: Impacto | R6: Valoración del riesgo | S6: Categoría | X6: ¿Cómo se realiza el monitoreo? | Y6: Periodicidad ¿Cuándo?
A8: 1 | B8: General | C8: Interno | D8: Planeación | E8: Operacional | F8: Deficiente determinación de especificaciones técnicas mínimas y variación de las mismas durante la ejecución del contrato | G8: Las especificaciones técnicas mínimas no permiten que se satisfaga la necesidad y requieran modificaciones que aumenten el monto de los bienes o servicios | H8: 4 | I8: 3 | J8: =SUM(H8:I8) -> 7 | K8: =VLOOKUP(J8,Inputs!$E$2:$F$12,2,FALSE) -> Alto | L8: Entidad Contratante | M8: 1 | N8: 1 | O8: Efectuar verificación de los documentos de planeación contractual, realizando observaciones cuando las especificaciones no ofrecen claridad | P8: 2 | Q8: 1 | R8: =SUM(P8:Q8) -> 3 | S8: MEDIO | T8: SI | U8: Entidad Contratante | V8: Desde la estructuración de los documentos de planeación contractual | W8: Hasta la fecha maxima de expedición de adendas | X8: El monitoreo se realiza con el apoyo del comité evaluador | Y8: Semanal (Previo inicio del proceso de estructuración)
A9: 2 | B9: General | C9: Interno | D9: Planeación | E9: Operacional | F9: Errores en las condiciones y términos, unidades, especificaciones, descripción del proyecto y/o estudios previos, operaciones aritméticas, etc. | G9: Potenciales oferentes se pueden abstener de presentar propuesta ya que las especificaciones del proyecto o las condiciones y términos no son claros. Revisión de las condiciones técnicas y financieras contempladas en el contrato. Ampliación en los plazos de ejecución por la necesidad de expedir adendas adicionales. | H9: 2 | I9: 1 | J9: =SUM(H9:I9) -> 3 | K9: =VLOOKUP(J9,Inputs!$E$2:$F$12,2,FALSE) -> Bajo | L9: Entidad Contratante | M9: 1 | N9: 2 | O9: La estructuración de las condiciones y términos comprendió el estudio detallado para determinar la forma en que la necesidad de la entidad puede ser satisfecha por los proponentes. Seguimiento y revisión de la estructuración del proceso por parte del comité evaluador | P9: 1 | Q9: 1 | R9: =SUM(P9:Q9) -> 2 | S9: MEDIO | T9: SI | U9: Entidad Contratante | V9: A partir la apertura del proceso | W9: Hasta la fecha maxima de expedición de adendas | X9: El monitoreo se realiza con el apoyo del comité asesor y evaluador durante la etapa de planeación. | Y9: Semanal
A10: 3 | B10: General | C10: Interno | D10: Selección | E10: Financiero | F10: Que la estimación del presupuesto no sea concordante con las obligaciones del contrato. | G10: Retrasos en la ejecución del contrato. Reprogramación de actividades. Incremento en costos. | H10: 1 | I10: 1 | J10: =SUM(H10:I10) -> 2 | K10: =VLOOKUP(J10,Inputs!$E$2:$F$12,2,FALSE) -> Bajo | L10: Entidad Contratante | M10: 1 | N10: 3 | O10: Verificar la necesidad con las diferentes con el area técnica en la etapa de estudios previos. Análisis de otros contratos celebrados por la entidad con objetos contractuales similares para realizar el calculo del presupuesto. Análisis de los costos de la entidad del sector con base en las cotizaciones solicitadas. | P10: 1 | Q10: 1 | R10: =SUM(P10:Q10) -> 2 | S10: MEDIO | T10: SI | U10: Entidad Contratante | V10: Desde la estructuración de los documentos de planeación contractual | W10: Hasta la fecha maxima de expedición de adendas | X10: El monitoreo se realiza con el apoyo del comité evaluador | Y10: Semanal (Previo inicio del proceso de estructuración)
A11: 4 | B11: General | C11: Externo | D11: Contratación | E11: Operacional | F11: Suspensión del proceso de adjudicación antes de la firma del contrato. | G11: Retrasos en la ejecución del contrato. Incremento en costos. Reprogramación de actividades. | H11: 1 | I11: 2 | J11: =SUM(H11:I11) -> 3 | K11: =VLOOKUP(J11,Inputs!$E$2:$F$12,2,FALSE) -> Bajo | L11: Entidad Contratante | M11: 1 | N11: 4 | O11: Estructuración de un proceso de selección en cumplimiento de la ley aplicable para evitar que se configuren las causales de suspensión previstas en la ley. | P11: 1 | Q11: 1 | R11: =SUM(P11:Q11) -> 2 | S11: =VLOOKUP(R11,Inputs!$E$2:$F$12,2,FALSE) -> Bajo | T11: SI | U11: Entidad Contratante | V11: Desde la publicación de los estudios previos | W11: Hasta la adjudicación del contrato | X11: El monitoreo se realiza con el apoyo del comité evaluador | Y11: Semanal
A12: 5 | B12: General | C12: Externo | D12: Contratación | E12: Operacional | F12: Que el Contratista se niegue firmar el contrato | G12: No poder iniciar a tiempo la ejecución del contrato. Incumplimiento. | H12: 2 | I12: 2 | J12: =SUM(H12:I12) -> 4 | K12: =VLOOKUP(J12,Inputs!$E$2:$F$12,2,FALSE) -> Bajo | L12: Proveedor | M12: 1 | N12: 5 | O12: Establecer las razones por las cuales se abstiene de firmar el contrato. | P12: 1 | Q12: 1 | R12: =SUM(P12:Q12) -> 2 | S12: =VLOOKUP(R12,Inputs!$E$2:$F$12,2,FALSE) -> Bajo | T12: SI | U12: Proveedor | V12: Desde la etapa de planeación contractual | W12: Hasta la culminación del contrato | X12: El monitoreo se realiza con el apoyo del comité evaluador | Y12: Semanal (mensual)
A13: 6 | B13: General | C13: Externo | D13: Contratación | E13: Operacional | F13: Riesgos de corrupción durante los procesos de contratación (contratación de bienes que no corresponden a la realidad del mercado, selección de proveedores de bienes y servicios en que se omiten los principios de transparencia y publicidad y divulgación a terceros de información privilegiada utilizada para la elaboración de los estudios previos o de condiciones y términos de los procesos de selección). | G13: Riesgo reputacional. Sanciones legales y/o administrativas. Impacto legal por demandas de otros proponentes. Incremento en costos. Pago de sanciones. Investigaciones disciplinarias de los entes de control. | H13: 3 | I13: 2 | J13: =SUM(H13:I13) -> 5 | K13: =VLOOKUP(J13,Inputs!$E$2:$F$12,2,FALSE) -> Medio | L13: Proveedor | M13: 1 | N13: 6 | O13: Dar cumplimiento a lo establecido en la Ley 80 de 1993, Ley 1150 de 2007, Ley 1474 de 2011, Ley 1882 de 2018 y Decreto Nacional 1082 de 2015 | P13: 1 | Q13: 1 | R13: =SUM(P13:Q13) -> 2 | S13: =VLOOKUP(R13,Inputs!$E$2:$F$12,2,FALSE) -> Bajo | T13: SI | U13: Proveedor | V13: Desde la etapa de planeación contractual | W13: Hasta la culminación del contrato | X13: El monitoreo se realiza con el apoyo del comité evaluador | Y13: Semanal (mensual)
A14: 7 | B14: General | C14: Externo | D14: Selección | E14: Operacional | F14: Presentación de ofertas artificialmente bajas | G14: El bien o servicio no cumpla con las calidades y exigencias técnicas requeridas. Que no se justifique adecuadamete el precio que se ofrece y que durante la ejecución del conrtato se solicite restablecimiento del equilibrio económico | H14: 1 | I14: 2 | J14: =SUM(H14:I14) -> 3 | K14: =VLOOKUP(J14,[1]Inputs!$E$2:$F$12,2,FALSE) -> Bajo | L14: Entidad Contratante | M14: 1 | N14: 7 | O14: Analizar en estudio de mercado que demuestre si los precios son artificialmente bajos y de ser así requerir al proponente para que explique y demuestre porque ofrece dichos precios. En la ejecución se deberá hacer exigible la entrega del bien o servicio de conformidad con las condiciones técnicas requeridas | P14: 1 | Q14: 1 | R14: =SUM(P14:Q14) -> 2 | S14: Medio | T14: SI | U14: Entidad Contratante | V14: Desde la etapa de planeación contractual | W14: Hasta la culminación del contrato | X14: El monitoreo se realiza con el apoyo del comité evaluador | Y14: Semanal (mensual)
A15: 8 | B15: General | C15: Externo | D15: Ejecución | E15: Operacional | F15: Errores u omisiones del contratista en la lectura, procesamiento e interpretación de las actividades u obligaciones relacionadas con el objeto del contrato, derivando en fallas, desviaciones o errores en la ejecución de las mismas. | G15: Reprogramación de actividades. Demoras en la ejecución de las actividades. Incremento en costos. Tiempos muertos. | H15: 1 | I15: 2 | J15: =SUM(H15:I15) -> 3 | K15: =VLOOKUP(J15,[1]Inputs!$E$2:$F$12,2,FALSE) -> Bajo | L15: Proveedor | M15: 1 | N15: 8 | O15: Una vez revisadas las condiciones de la solicitud de contratación el contratista puede solicitar a la Unidad las aclaraciones que considere necesarias a las condiciones y términos. Si el contratista decide presentar propuesta con base en la información suministrada, es reponsable de ejecutar el contrato en las condiciones pactadas. Requerir la participación del Supervisor. Contar con póliza de Cumplimiento del contrato. | P15: 1 | Q15: 1 | R15: =SUM(P15:Q15) -> 2 | S15: =VLOOKUP(R15,[1]Inputs!$E$2:$F$12,2,FALSE) -> Bajo | T15: SI | U15: Proveedor | V15: Desde la etapa de planeación ejecución | W15: Hasta la culminación del contrato | X15: El monitoreo se realiza con el apoyo del equipo del area de técnica y supervisor del contrato | Y15: Semanal (mensual)
A16: 9 | B16: General | C16: Externo | D16: Ejecución | E16: Operacional | F16: Demoras en los pagos por parte del contratista a los trabajadores y personal del contrato en relación con salarios, prestaciones sociales y demás beneficios a que tengan derecho, por errores, omisiones o actos deshonestos del contratista. | G16: Suspensión del contrato. Multas o sanciones por ejecución del contrato sin cumplimiento de requisitos legales. Retrasos en la ejecución de las actividades. Demandas. | H16: 2 | I16: 4 | J16: =SUM(H16:I16) -> 6 | K16: Alto | L16: Proveedor | M16: 1 | N16: 9 | O16: Validar vinculaciones al sistema de seguridad social de todo el personal involucrado en el contrato. Requerir comprobantes de cumplimiento de pago de la nómina y de aportes al SGSS. Contar con póliza de Cumplimiento del contrato con el amparo de pago de salarios, prestaciones sociales e indemnizaciones laborales. | P16: 1 | Q16: 1 | R16: =SUM(P16:Q16) -> 2 | S16: =VLOOKUP(R16,[1]Inputs!$E$2:$F$12,2,FALSE) -> Bajo | T16: SI | U16: Proveedor | V16: Desde la etapa de planeación ejecución | W16: Hasta la culminación del contrato | X16: El monitoreo se realiza con el apoyo del equipo del area de técnica y supervisor del contrato | Y16: Mensual
A17: 10 | B17: General | C17: Interno | D17: Contractual | E17: Operacional | F17: Daños o perjuicios a empleados por accidentes laborales con incapacidad temporal o permanente o muerte. | G17: Retrasos en la ejecución del contrato. Reprogramación de actividades. Incremento en costos. Demandas. | H17: 4 | I17: 1 | J17: =SUM(H17:I17) -> 5 | K17: =VLOOKUP(J17,[1]Inputs!$E$2:$F$12,2,FALSE) -> Medio | L17: Proveedor | M17: 1 | N17: 10 | O17: Establecer plan de gestión de salud y seguridad en el trabajo. Validar afiliaciones y pagos al SGSS. | P17: 2 | Q17: 1 | R17: =SUM(P17:Q17) -> 3 | S17: Bajo | T17: SI | U17: Proveedor | V17: Desde la etapa de planeación ejecución | W17: Hasta la culminación del contrato | X17: El monitoreo se realiza con el apoyo del equipo del area de técnica y supervisor del contrato | Y17: Mensual
A18: 11 | B18: General | C18: Interno | D18: Contractual | E18: Operacional | F18: Fallas, demoras o faltas en el suministro de los equipos, repuestos, herramientas, materiales, accesorios o demás bienes necesarios para la ejecución del contrato. Problemas o fallas en las vías de acceso o falta de medios de transporte a los lugares en los que se deban realizar las labores. Errores u omisiones en la coordinación del personal contratado para la ejecución del contrato. | G18: Retrasos en la ejecución del contrato. Reprogramación de actividades. Incremento en costos. | H18: 3 | I18: 2 | J18: =SUM(H18:I18) -> 5 | K18: =VLOOKUP(J18,[1]Inputs!$E$2:$F$12,2,FALSE) -> Medio | L18: Proveedor | M18: 1 | N18: 11 | O18: Incluir en el plan operativo el cronograma de entrega de los bienes requeridos para ejecutar las labores. Verificar rutas alternas de acceso y medios de transporte alternativos. Implementar plan de contingencia. Designar un responsable de la coordinación del personal que va a realizar las actividades. Contar con póliza de Cumplimiento del contrato. | P18: 2 | Q18: 1 | R18: =SUM(P18:Q18) -> 3 | S18: Bajo | T18: SI | U18: Proveedor | V18: Desde la etapa de planeación ejecución | W18: Hasta la culminación del contrato | X18: El monitoreo se realiza con el apoyo del equipo del area de técnica y supervisor del contrato | Y18: Mensual
A19: 12 | B19: Especifico | C19: Externo | D19: Ejecución | E19: Operacional | F19: Fallas, errores u omisiones en la coordinación e integración de los equipos, repuestos, herramientas, materiales, accesorios y recurso humano requerido para la ejecución de las actividades del contrato | G19: Retrasos en la ejecución del contrato. Reprogramación de actividades. Incremento en costos. | H19: 3 | I19: 2 | J19: =SUM(H19:I19) -> 5 | K19: Medio | L19: Proveedor | M19: 1 | N19: 12 | O19: Contemplar dentro del plan de gestión con un cronograma para coordinar la entrega de los bienes y suministrar el personal necesario para ejecutar las labores. Designar un responsable de realizar la coordinación e integración de las actividades. Contar con póliza de Cumplimiento del contrato. | P19: 1 | Q19: 1 | R19: =SUM(P19:Q19) -> 2 | S19: Bajo | T19: SI | U19: Proveedor | V19: Desde la etapa de planeación ejecución | W19: Hasta la culminación del contrato | X19: El monitoreo se realiza con el apoyo del equipo del area de técnica y supervisor del contrato | Y19: Mensual
A20: 13 | B20: General | C20: Externo | D20: Ejecución | E20: Operacional | F20: Incumplimiento, cumplimiento tardio o defectuoso por parte del contratista en el suministro de los equipos, repuestos, herramientas, materiales, accesorios, transporte y demás servicios conexos necesarios para la ejecución de las labores del contrato. | G20: Retrasos en la ejecución del contrato. Reprogramación de actividades. Incremento en costos. | H20: 1 | I20: 2 | J20: =SUM(H20:I20) -> 3 | K20: Medio | L20: Proveedor | M20: 1 | N20: 13 | O20: Establecer niveles de supervisión y seguimiento para cumplir con el cronograma pactado. Exigir a los proveedores el cumplimiento de las entregas de los bienes. Disponer de proveedores adicionales. Requerir la participación del Supervisor. Contar con póliza de Cumplimiento del contrato. | P20: 1 | Q20: 1 | R20: =SUM(P20:Q20) -> 2 | S20: Bajo | T20: SI | U20: Proveedor | V20: Desde la etapa de planeación ejecución | W20: Hasta la culminación del contrato | X20: El monitoreo se realiza con el apoyo del equipo del area de técnica y supervisor del contrato | Y20: Mensual
A21: 14 | B21: Especifico | C21: Externo | D21: Ejecución | E21: Operacional | F21: Daños o pérdida de los equipos, repuestos, herramientas, materiales, accesorios o demás bienes necesarios para cumplir con las condiciones del contrato o demoras en la ejecución de las actividades por ocurrencia de fenómenos de la naturaleza como: terremoto, temblor, anegación, avalancha, deslizamiento, granizo, lluvias fuertes, vientos huracanados, vendavales, riesgos geológicos, hidrológicos, freáticos u otros eventos de la naturaleza. | G21: Destrucción total o parcial de los bienes. Retrasos en la ejecución del contrato. Reprogramación de actividades. Incremento en costos. Suspensión del contrato. | H21: 5 | I21: 2 | J21: =SUM(H21:I21) -> 7 | K21: Medio | L21: Proveedor | M21: 1 | N21: 14 | O21: Tener como item de control el seguimiento al estado del clima para implementar el cronograma para la realización de actividades. La obras deberán contar con sistemas de protección adecuados. Mantener asegurados los bienes hasta la firma del acta de entrega. Contar con póliza de TRDM y/o PYME incluyendo el amparo de bienes de propiedad de terceros bajo cuidado, tenencia y control. | P21: 1 | Q21: 1 | R21: =SUM(P21:Q21) -> 2 | S21: Bajo | T21: SI | U21: Proveedor | V21: Desde la etapa de planeación ejecución | W21: Hasta la culminación del contrato | X21: El monitoreo se realiza con el apoyo del equipo del area de técnica y supervisor del contrato | Y21: Mensual
A22: 15 | B22: Especifico | C22: Externo | D22: Ejecución | E22: Operacional | F22: Daños o pérdida de los equipos, repuestos, herramientas, materiales, accesorios o demás bienes necesarios para cumplir con las condiciones del contrato o demoras en la ejecución de las actividades por alteraciones del orden público como asonada, motín, conmoción civil o popular y huelga y actos mal intencionados de terceros incluyendo terrorismo y sabotaje. | G22: Destrucción total o parcial de los bienes. Retrasos en la ejecución del contrato. Reprogramación de actividades. Incremento en costos. Suspensión del contrato. | H22: 3 | I22: 2 | J22: =SUM(H22:I22) -> 5 | K22: =VLOOKUP(J22,Inputs!$E$2:$F$12,2,FALSE) -> Medio | L22: Proveedor | M22: 1 | N22: 15 | O22: Implementar las medidas de seguridad necesarias para amparar los bienes propios y/o los de terceros. La Unidad en ningún caso responderá por las pérdidas o daños de los bienes a consecuencia de alteraciones del orden público. Implementar reuniones con las autoridades competentes para realizar seguimiento al orden público en las zonas donde se van a ejecutar las labores. Mantener asegurados los bienes hasta la firma del acta de entrega. Contar con póliza de TRDM y/o PYME incluyendo el amparo de bienes de propiedad de terceros bajo cuidado, tenencia y control. | P22: 1 | Q22: 1 | R22: =SUM(P22:Q22) -> 2 | S22: =VLOOKUP(R22,Inputs!$E$2:$F$12,2,FALSE) -> Bajo | T22: SI | U22: Proveedor | V22: Desde la etapa de planeación ejecución | W22: Hasta la culminación del contrato | X22: El monitoreo se realiza con el apoyo del equipo del area de técnica y supervisor del contrato | Y22: Permanente
A23: 16 | B23: Especifico | C23: Externo | D23: Ejecución | E23: Operacional | F23: Daños o pérdida de los equipos, repuestos, herramientas, materiales, accesorios o demás bienes necesarios para cumplir con las condiciones del contrato o demoras en la ejecución de las actividades a consecuencia de Incendio y/o rayo, Explosión, Daños por agua o cualquier otro evento asegurable bajo una póliza de seguro. | G23: Destrucción total o parcial de los bienes. Retrasos en la ejecución del contrato. Reprogramación de actividades. Incremento en costos. Suspensión del contrato. | H23: 3 | I23: 2 | J23: =SUM(H23:I23) -> 5 | K23: =VLOOKUP(J23,[1]Inputs!$E$2:$F$12,2,FALSE) -> Medio | L23: Proveedor | M23: 1 | N23: 16 | O23: Implementar las protecciones físicas contra incendio que se requieran durante la ejecución de las actividades. Mantener asegurados los bienes hasta la firma del acta de entrega. Contar con póliza de TRDM y/o PYME incluyendo el amparo de bienes de propiedad de terceros bajo cuidado, tenencia y control. | P23: 1 | Q23: 1 | R23: =SUM(P23:Q23) -> 2 | S23: MEDIO | T23: SI | U23: Proveedor | V23: Desde la etapa de planeación ejecución | W23: Hasta la culminación del contrato | X23: El monitoreo se realiza con el apoyo del equipo del area de técnica y supervisor del contrato | Y23: Permanente
A24: 17 | B24: Especifico | C24: Externo | D24: Ejecución | E24: Operacional | F24: Hurto y/o hurto calificado de los equipos, repuestos, herramientas, materiales, accesorios o demás bienes necesarios para la ejecución de las actividades. | G24: Retrasos en la ejecución del contrato. Reprogramación de actividades. Incremento en costos. | H24: 3 | I24: 2 | J24: =SUM(H24:I24) -> 5 | K24: =VLOOKUP(J24,[1]Inputs!$E$2:$F$12,2,FALSE) -> Medio | L24: Proveedor | M24: 1 | N24: 17 | O24: Incluir en el plan operativo como ítem crítico de control el seguimiento a las condiciones de seguridad del sector donde se van a desarrollar las labores. Implementar las medidas de seguridad para proteger sus bienes y/o los de propiedad de terceros bajo su cuidado, tenencia y control. Contar con póliza de TRDM y/o PYME incluyendo el amparo de bienes de propiedad de terceros bajo cuidado, tenencia y control. | P24: 1 | Q24: 1 | R24: =SUM(P24:Q24) -> 2 | S24: =VLOOKUP(R24,[1]Inputs!$E$2:$F$12,2,FALSE) -> Bajo | T24: SI | U24: Proveedor | V24: Desde la etapa de planeación ejecución | W24: Hasta la culminación del contrato | X24: El monitoreo se realiza con el apoyo del equipo del area de técnica y supervisor del contrato | Y24: Permanente
A25: 18 | B25: Especifico | C25: Externo | D25: Ejecución | E25: Económico | F25: Variación en los costos de los equipos, repuestos, herramientas, materiales, accesorios y demás bienes requeridos para la ejecución de los trabajos por variaciones en la TRM, si los bienes son importados. | G25: Reprogramación de actividades. Retrasos en la ejecución del contrato. Incremento en costos. Modificaciones al alcance del contrato. | H25: 2 | I25: 4 | J25: =SUM(H25:I25) -> 6 | K25: Alto | L25: Proveedor | M25: 1 | N25: 18 | O25: Realizar un presupuesto debidamente estructurado (ingresos, costos, gastos fijos, gastos variables, etc) para determinar los supuestos críticos, el impacto cambiario y establecer la reserva de contingencia respectiva para incluirla en la propuesta económica. Si se presenta un desequilibrio económico durante la ejecución del contrato, el contratista deberá soportarlo ante la Unidad con los estudios técnicos, financieros y jurídicos que se requieran. Requerir la participación del Supervisor. | P25: 1 | Q25: 1 | R25: =SUM(P25:Q25) -> 2 | S25: =VLOOKUP(R25,[1]Inputs!$E$2:$F$12,2,FALSE) -> Bajo | T25: SI | U25: Proveedor | V25: Desde la etapa de planeación ejecución | W25: Hasta la culminación del contrato | X25: El monitoreo se realiza con el apoyo del equipo del area de técnica y supervisor del contrato | Y25: Permanente
A26: 19 | B26: Especifico | C26: Externo | D26: Ejecución | E26: Económico | F26: Variación de los costos de recursos financieros requeridos para la ejecución de las actividades del contrato por variación de las tasas de interés | G26: Modificaciones al alcance del contrato. Incremento en costos | H26: 4 | I26: 1 | J26: 5 | K26: =VLOOKUP(J26,[1]Inputs!$E$2:$F$12,2,FALSE) -> Medio | L26: Proveedor | M26: 1 | N26: 19 | O26: Realizar un presupuesto debidamente estructurado (ingresos, costos, gastos fijos, gastos variables, etc) para determinar los supuestos críticos y establecer la reserva de contingencia respectiva para incluirla en la propuesta económica. Si se presenta un desequilibrio económico durante la ejecución del contrato, el contratista deberá soportarlo ante la Unidad con los estudios técnicos, financieros y jurídicos que se requieran. Requerir la participación del Supervisor. | P26: 2 | Q26: 1 | R26: =SUM(P26:Q26) -> 3 | S26: Bajo | T26: SI | U26: Proveedor | V26: Desde la etapa de planeación ejecución | W26: Hasta la culminación del contrato | X26: El monitoreo se realiza con el apoyo del equipo del area de técnica y supervisor del contrato | Y26: Permanente
A27: 20 | B27: Especifico | C27: Externo | D27: Ejecución | E27: Operacional | F27: Baja y/o mala calidad de los repuestos, materiales, accesorios y demás bienes suministrados para la ejecución de las actividades del contrato, por errores u omisiones en la validación de las condiciones, especificaciones o normas frente al producto entregado. | G27: Reprogramación de actividades. Demoras en la ejecución del contrato. Incremento en costos. | H27: 3 | I27: 2 | J27: 5 | K27: =VLOOKUP(J27,[1]Inputs!$E$2:$F$12,2,FALSE) -> Medio | L27: Proveedor | M27: 1 | N27: 20 | O27: Implementar plan de gestión de calidad para la recepción de los repuestos, materiales, accesorios y demás bienes necesarios para ejecutar el mantenimiento. Los bienes suministrados deberán ser originales, nuevos, no usados, ni remanufacturados, ni homologados, libres de defectos e imperfecciones, que cumplan con las especificaciones y condiciones técnicas y sean fabricados por empresas reconocidas y deberán satisfacer los objetivos y requisitos generales necesarios para asegurar el rendimiento de los equipos de topografía que correspondan. Verificar que cumplan con las especificaciones del producto solicitado. Suministrar certificados de garantía para los bienes suministrados y certificado emitido por el fabricante de representación o distribución autorizada de la marca de los repuestos. Contar con póliza de Cumplimiento del contrato con el amparo de Calidad y correcto funcionamiento de los bienes suministrados. | P27: 2 | Q27: 1 | R27: =SUM(P27:Q27) -> 3 | S27: Bajo | T27: SI | U27: Proveedor | V27: Desde la etapa de planeación ejecución | W27: Hasta la culminación del contrato | X27: El monitoreo se realiza con el apoyo del equipo del area de técnica y supervisor del contrato | Y27: Permanente
A28: 21 | B28: Especifico | C28: Externo | D28: Ejecución | E28: Ambiental | F28: Devoluciones o reemplazo de los repuestos, materiales, accesorios y demás bienes suministrados en desarrollo del contrato, que se encuentren defectuosos o no cumplan con los parámetros de calidad, diseño, capacidad y/o funcionamiento requeridos. | G28: Reprogramación de actividades. Demoras en la ejección del contrato. Incremento en costos. Duplicación de actividades.. | H28: 3 | I28: 2 | J28: 5 | K28: Medio | L28: Proveedor | M28: 1 | N28: 21 | O28: Contar con plan de gestión de calidad para garantizar que los bienes suministrados cumplan con las normas técnicas nacionales o las especificaciones técnicas o normas técnicas requeridas por la Unidad. Contar con certificados de garantía del fabricante o proveedor de los bienes. Contar con reserva de contingenica para el reemplazo de los bienes defectuosos o dañados dentro del plazo otorgado por el supervisor. Contar con póliza de Cumplimiento del contrato con el amparo de Calidad y correcto funcionamiento de los bienes suministrados. | P28: 1 | Q28: 1 | R28: =SUM(P28:Q28) -> 2 | S28: Bajo | T28: SI | U28: Proveedor | V28: Desde la etapa de planeación ejecución | W28: Hasta la culminación del contrato | X28: El monitoreo se realiza con el apoyo del equipo del area de técnica y supervisor del contrato | Y28: Permanente
A29: 22 | B29: Especifico | C29: Externo | D29: Ejecución | E29: Social | F29: Huelgas o paros que afecten los servicios de transporte de personal, maquinaria, equipo, materiales y demás bienes requeridos para la ejecución del contrato. | G29: Reprogramación de actividades. Demoras en la ejecución del contrato. Incremento en costos. | H29: 1 | I29: 2 | J29: 3 | K29: Medio | L29: Proveedor | M29: 1 | N29: 22 | O29: Contemplar en el plan de contingencia alternativas para suplir los servicios, verificar rutas alternas de acceso a las obras, contar con un listado de proveedores adicionales. Contactar las autoridades competentes para hacer seguimiento al orden público del sector. | P29: 1 | Q29: 1 | R29: =SUM(P29:Q29) -> 2 | S29: Bajo | T29: SI | U29: Proveedor | V29: Desde la etapa de planeación ejecución | W29: Hasta la culminación del contrato | X29: El monitoreo se realiza con el apoyo del equipo del area de técnica y supervisor del contrato | Y29: Mensual
A30: 23 | B30: Especifico | C30: Externo | D30: Ejecución | E30: Operacional | F30: Incumplimiento o abandono del contrato por parte del Contratista. | G30: Incumplimiento del contrato. Retrasos en la ejecución de las actividades. | H30: 1 | I30: 2 | J30: 3 | K30: Medio | L30: Proveedor | M30: 1 | N30: 23 | O30: La Unidad deberá notificar por escrito a la Compañía de seguros que emitió la póliza de Cumplimiento. La Unidad podrá solicitar al Contratista y la Compañía aseguradora realizar las acciones necesarias para garantizar la ejecución del contrato. | P30: 1 | Q30: 1 | R30: =SUM(P30:Q30) -> 2 | S30: Bajo | T30: SI | U30: Proveedor | V30: Desde la etapa de planeación ejecución | W30: Hasta la culminación del contrato | X30: El monitoreo se realiza con el apoyo del equipo del area de técnica y supervisor del contrato | Y30: Mensual
A31: 24 | B31: Especifico | C31: Externo | D31: Económico | E31: Operacional | F31: Insolvencia o quiebra del Contratista. | G31: Incumplimiento del objeto contractual | H31: 1 | I31: 2 | J31: 3 | K31: Medio | L31: Proveedor | M31: 1 | N31: 24 | O31: Hacer un correcto manejo de sus finanzas, la correcta y oportuna facturación y la correcta programación del flujo de caja. La Unidad realiza control mensual y supervisa y controla el cumplimiento del flujo de inversión del Anticipo otorgado. La Unidad deberá notificar por escrito a la Compañía que emitió la póliza de Cumplimiento del contrato. | P31: 1 | Q31: 1 | R31: =SUM(P31:Q31) -> 2 | S31: Bajo | T31: SI | U31: Proveedor | V31: Desde la etapa de planeación ejecución | W31: Hasta la culminación del contrato | X31: El monitoreo se realiza con el apoyo del equipo del area de técnica y supervisor del contrato | Y31: Mensual

Sheet Inputs
A1: Clase | B1: Fuente | C1: Etapa | D1: Tipo | E1: Riesgo | F1: Valoración | G1: 1 | H1: Colombia Compra Eficiente
A2: General | B2: Interno | C2: Planeación | D2: Económico | E2: 0 | F2: Bajo | G2: 2 | H2: Proveedor
A3: Específico | B3: Externo | C3: Selección | D3: Sociales o Políticos | E3: 1 | F3: Bajo | G3: 3 | H3: Entidad Contratante
C4: Contratación | D4: Operacionales | E4: 2 | F4: Bajo | G4: 4 | H4: Colombia Compra Eficiente + Proveedor
C5: Ejecución | D5: Financieros | E5: 3 | F5: Bajo | G5: 5 | H5: Colombia Compra Eficiente + Entidad Contratante
C6: Selección / Ejecución | D6: Regulatorios | E6: 4 | F6: Bajo | G6: 6 | H6: Entidad Contratante + Proveedor
C7: Juridico | D7: Naturaleza | E7: 5 | F7: Medio | G7: 7 | H7: Colombia Compra Eficiente + Entidad Contratante + Proveedor
C8: Contratación / Ejecución | D8: Ambientales | E8: 6 | F8: Alto
C9: Planeación / Contratación / Ejecución | D9: Tecnológicos | E9: 7 | F9: Alto
E10: 8 | F10: Extremo
E11: 9 | F11: Extremo
E12: 10 | F12: Extremo
